Map: Blackpink LE

Players

ShoWTimE - Winner!

  • Race: Protoss Protoss
  • Spawn Location: 7:00

Cham

  • Race: Zerg Zerg
  • Spawn Location: 1:00

Event: WCS Leipzig 2018

VOD

Have the link to the VOD?

Description

Time

  • Played on: Jan. 26, 2018, 10:26 a.m.
  • Length: 10:14

All games in this series

Show
View Real Time Build Order
Export as new Build Order

ShoWTimE Protoss - Winner!

Build Orders: 1 Gate Expand, Oracle Opening, Phoenix Opening, Archon Immortal, Zealot Archon, Archon Drop 

Get SALT Encoding   

  12  0:00  Probe  
  13  0:12  Probe  
  14  0:18  Pylon  
  14  0:24  Probe (Chrono Boost)  
  15  0:36  Probe (Chrono Boost)  
  16  0:45  Probe (Chrono Boost), Gateway  
  16  0:46  Assimilator  
  17  0:51  Probe  
  18  1:03  Probe  
  19  1:15  Probe  
  20  1:25  Nexus  
  20  1:34  Cybernetics Core  
  20  1:38  Probe  
  21  1:45  Assimilator  
  21  1:50  Probe  
  21  1:52  Pylon  
  22  2:02  Probe  
  23  2:09  Adept (Chrono Boost)  
  23  2:14  Probe  
  26  2:16  Stargate  
  26  2:25  Warp Gate  
  26  2:27  Probe (Chrono Boost)  
  26  2:28  Adept  
  30  2:37  Probe (Chrono Boost)  
  31  2:44  Probe (Chrono Boost)  
  31  2:46  Probe (Chrono Boost)  
  31  2:51  Probe x2 (Chrono Boost)  
  33  2:58  Oracle (Chrono Boost)  
  34  3:03  Probe (Chrono Boost)  
  34  3:04  Probe (Chrono Boost)  
  39  3:07  Pylon  
  39  3:15  Probe (Chrono Boost)  
  41  3:20  Probe (Chrono Boost)  
  41  3:21  Probe (Chrono Boost)  
  41  3:26  Gateway  
  43  3:27  Probe (Chrono Boost), Phoenix  
  43  3:32  Adept  
  47  3:35  Probe (Chrono Boost), Assimilator  
  47  3:38  Assimilator  
  49  3:46  Probe x2 (Chrono Boost)  
  49  3:48  Pylon  
  50  3:50  Probe (Chrono Boost)  
  50  3:52  Probe  
  52  3:59  Twilight Council  
  52  4:01  Probe  
  53  4:04  Probe  
  53  4:08  Robotics Facility  
  54  4:13  Probe  
  54  4:16  Probe  
  56  4:24  Gateway  
  56  4:25  Gateway  
  56  4:29  Gateway  
  56  4:32  Gateway  
  56  4:35  Zealot  
  54  4:39  Charge (Chrono Boost)  
  54  4:43  Zealot  
  54  4:49  Templar Archives  
  54  4:53  Warp Prism (Chrono Boost)  
  56  5:01  Pylon  
  56  5:10  Nexus  
  56  5:26  High Templar x4  
  56  5:27  Zealot x2  
  68  5:31  Pylon  
  68  5:32  Archon x2  
  68  5:34  Pylon  
  68  5:38  Probe x2  
  70  5:45  Pylon  
  71  5:50  Observer  
  71  5:58  Zealot x4  
  71  5:59  Zealot x2  
  71  6:01  Probe  
  71  6:03  Probe  
  85  6:15  Probe x2  
  85  6:22  Zealot x5  
  85  6:25  Zealot  
  91  6:32  Probe  
  88  6:33  Probe x2  
  86  6:43  Zealot x2  
  86  6:44  Zealot x3  
  86  6:46  Zealot  
  90  6:48  Probe  
  90  6:50  Probe  
  90  6:52  Probe  
  85  6:56  Immortal (Chrono Boost)  
  85  7:00  Probe  
  84  7:04  Shield Battery  
  84  7:08  High Templar x5  
  90  7:10  High Templar  
  90  7:14  Archon x2  
  90  7:15  Forge, Archon  
  92  7:18  Probe x3  
  95  7:23  Shield Battery  
  95  7:26  Assimilator  
  95  7:27  Immortal (Chrono Boost)  
  99  7:30  Probe x2  
  99  7:33  Assimilator  
  99  7:34  Probe  
  102  7:41  Psionic Storm  
  102  7:42  Probe x2  
  102  7:43  Protoss Ground Weapons Level 1 (Chrono Boost)  
  104  7:45  Shield Battery, Pylon  
  104  7:47  Probe  
  104  7:49  Pylon  
  105  7:54  Probe  
  105  7:55  Immortal  
  105  7:58  Probe  
  111  8:06  Gateway  
  111  8:11  High Templar x2  
  115  8:18  Photon Cannon  
  115  8:24  High Templar  
  117  8:28  Pylon  
  117  8:30  Photon Cannon  
  117  8:32  Gateway  
  117  8:33  Immortal (Chrono Boost)  
  117  8:35  Nexus  
  117  8:38  Pylon  
  117  8:39  High Templar  
  123  8:44  High Templar  
  125  8:50  Pylon  
  125  8:52  Photon Cannon  
  125  8:54  Probe x3, Shield Battery  
  128  9:05  Immortal  
  128  9:06  Probe  
  133  9:12  Pylon  
  133  9:14  Photon Cannon  
  133  9:15  Shield Battery  
  133  9:17  Pylon  
  133  9:20  Pylon  
  133  9:21  Photon Cannon  
  133  9:22  High Templar x2  
  137  9:26  Archon  
  137  9:29  Zealot x2  
  141  9:37  Photon Cannon  
  141  9:41  Zealot x4  
  149  9:51  Probe x3  
  156  9:54  Zealot x2  
  156  9:58  Zealot  
  138  10:07  Zealot x2  
  138  10:08  Zealot x2  
  138  10:13  Archon  
Show
View Real Time Build Order
Export as new Build Order

Cham Zerg 

Build Orders: Hatch First 

Get SALT Encoding   

  12  0:01  Drone  
  13  0:08  Drone  
  14  0:18  Overlord  
  14  0:36  Drone  
  15  0:44  Hatchery  
  15  0:49  Drone  
  15  0:51  Drone  
  15  0:55  Drone  
  17  1:00  Drone  
  18  1:11  Extractor  
  17  1:15  Spawning Pool  
  16  1:19  Drone  
  16  1:23  Drone  
  18  1:35  Drone  
  19  1:45  Drone  
  20  1:54  Overlord  
  20  2:01  Queen  
  20  2:02  Zergling x2, Queen  
  20  2:05  Zergling x2  
  26  2:12  Metabolic Boost  
  26  2:15  Drone  
  27  2:18  Drone x2  
  29  2:36  Hatchery  
  28  2:41  Queen  
  30  2:44  Drone  
  30  2:46  Drone  
  30  2:51  Drone x2  
  33  2:55  Overlord  
  34  2:59  Drone  
  34  3:04  Overlord  
  35  3:06  Zergling x2  
  36  3:13  Overlord  
  36  3:15  Zergling x4  
  36  3:18  Drone x2  
  40  3:21  Spore Crawler  
  40  3:25  Drone  
  40  3:26  Drone  
  41  3:28  Drone  
  41  3:33  Overlord  
  42  3:38  Drone, Queen  
  45  3:45  Zergling x4  
  45  3:46  Drone x2  
  49  3:50  Drone  
  49  3:54  Drone x3  
  53  3:57  Drone  
  53  4:00  Roach Warren  
  53  4:02  Drone  
  53  4:10  Drone x3  
  53  4:11  Spore Crawler  
  55  4:17  Drone x3  
  55  4:19  Drone x2  
  55  4:23  Queen  
  62  4:27  Overlord  
  62  4:29  Drone  
  62  4:30  Drone  
  64  4:34  Drone  
  62  4:39  Zergling x4  
  62  4:40  Zergling x4  
  62  4:42  Drone  
  62  4:45  Drone x2  
  67  4:51  Extractor, Lair  
  66  4:55  Drone x3, Extractor  
  66  4:56  Drone x2, Extractor  
  66  4:58  Drone x3  
  71  5:05  Drone  
  72  5:07  Drone x2  
  74  5:14  Evolution Chamber  
  74  5:17  Drone x2, Overlord  
  74  5:18  Overlord  
  73  5:21  Overlord  
  73  5:26  Overlord  
  73  5:30  Extractor  
  73  5:34  Spore Crawler  
  73  5:35  Roach  
  73  5:36  Roach x5  
  73  5:39  Roach x2  
  73  5:42  Hatchery  
  86  5:44  Roach x3  
  86  5:49  Zerg Missile Weapons Level 1  
  92  5:50  Drone x3  
  92  5:51  Drone  
  92  5:56  Drone x3  
  92  5:57  Drone  
  100  5:59  Extractor  
  100  6:00  Infestation Pit  
  98  6:05  Roach x2  
  98  6:06  Roach  
  98  6:11  Roach  
  104  6:12  Overlord x2  
  99  6:22  Roach x2  
  99  6:24  Roach  
  100  6:30  Roach x2  
  93  6:34  Roach x2  
  93  6:37  Roach x2  
  93  6:39  Roach x3  
  93  6:42  Roach  
  87  6:47  Roach x2  
  87  6:52  Roach x2  
  81  6:56  Roach  
  72  7:02  Glial Reconstitution  
  68  7:08  Drone x2  
  68  7:09  Drone  
  68  7:11  Drone  
  68  7:13  Drone  
  74  7:15  Drone  
  74  7:17  Drone  
  74  7:18  Drone  
  74  7:21  Drone  
  77  7:23  Drone  
  77  7:25  Drone  
  77  7:28  Drone  
  80  7:33  Drone  
  80  7:34  Drone x2  
  80  7:35  Drone  
  84  7:38  Drone  
  84  7:40  Drone  
  84  7:41  Drone  
  84  7:43  Drone  
  88  7:47  Queen  
  90  7:52  Queen  
  90  7:58  Queen  
  94  8:02  Drone x4  
  94  8:04  Drone  
  99  8:06  Drone x2  
  99  8:09  Drone x2  
  99  8:12  Overlord  
  103  8:20  Drone x2  
  103  8:21  Drone  
  103  8:22  Roach  
  103  8:24  Roach  
  110  8:28  Roach  
  110  8:30  Roach  
  110  8:32  Roach  
  116  8:34  Roach  
  118  8:43  Roach x4  
  118  8:45  Overlord  
  126  8:51  Roach  
  126  8:52  Roach  
  126  8:53  Roach  
  132  8:57  Ravager x4  
  132  9:01  Overlord x2  
  136  9:03  Overlord  
  136  9:04  Roach  
  136  9:11  Roach  
  136  9:12  Roach  
  136  9:13  Roach x2  
  136  9:14  Overlord  
  144  9:21  Roach x2  
  144  9:22  Roach x5  
  158  9:25  Overlord  
  158  9:27  Ravager, Roach  
  158  9:30  Ravager x2  
  163  9:33  Roach x2  
  163  9:35  Roach x2  
  163  9:36  Roach x2  
  175  9:40  Overlord  
  175  9:47  Roach  
  175  9:48  Roach x3  
  175  9:49  Roach x2, Overlord  
Tags
 
Add a new tag
Caveats
  • Supply blocks, unpowered buildings, or Contaminate may cause inaccurate times.
  • Supply counts are checked every 10 seconds.